 Dungeon Crawl Stone Soup version 0.20-a0-9-g62d82d9 (webtiles) character file.

817 JeffiDaFish the Shield-Bearer (level 7, -13/44 HPs)
             Began as a Gargoyle Fighter on Nov 1, 2016.
             Mangled by an ogre
             ... wielding a +0 giant spiked club
              (19 damage)
             ... on level 4 of the Dungeon.
             The game lasted 00:11:52 (3577 turns).

JeffiDaFish the Shield-Bearer (Gargoyle Fighter)    Turns: 3577, Time: 00:11:53

Health: -13/44     AC: 14    Str: 21    XL:     7   Next: 94%
Magic:  7/7        EV:  8    Int: 11    God:
Gold:   294        SH:  8    Dex:  9    Spells: 0 memorised, 6 levels left

rFire  + . .     SeeInvis .     a - +1 rapier
rCold  . . .     Gourm    +     e - +0 chain mail
rNeg   + . .     Faith    .     r - +3 warlock's mirror {reflect}
rPois  ∞         Spirit   .     h - +1 helmet
rElec  +         Reflect  +     (no cloak)
rCorr  .         Harm     .     (no gloves)
MR     .....                    m - +1 pair of boots
Stlth  ..........               y - amulet of the gourmand
                                s - ring of protection from fire
                                n - ring of flight

@: no status effects
A: clever 1, deformed body, negative energy resistance 1, electricity
resistance, unbreathing, petrification resistance, rot immunity, subdued magic
1, AC +4
a: Evoke Flight


You were on level 4 of the Dungeon.
You were completely stuffed.

You visited 1 branch of the dungeon, and saw 4 of its levels.
You also visited: Sewer.

You collected 294 gold pieces.

Inventory:

Hand Weapons
 a - a +1 rapier (weapon)
Armour
 c - a +0 shield
 e - a +0 chain mail (worn)
 h - a +1 helmet (worn)
 m - a +1 pair of boots (worn)
 r - the +3 warlock's mirror (worn) {reflect}
   (You found it on level 4 of the Dungeon)
Jewellery
 n - a ring of flight (left hand)
 s - a ring of protection from fire (right hand)
 y - an amulet of the gourmand (around neck)
Wands
 j - a wand of acid (13/15)
 p - a wand of polymorph (12/24)
Scrolls
 l - 2 scrolls of magic mapping
 o - 2 scrolls of remove curse
 t - 2 scrolls of fog
 u - 2 scrolls of fear
Potions
 b - 3 potions of magic
 d - 3 potions of might
 k - a potion of curing
 v - a potion of haste
 x - a potion of flight
 z - a potion of ambrosia
Comestibles
 f - 3 bread rations
 g - 4 meat rations
 i - 2 beef jerkies
 q - 4 fruits
 A - 7 chunks of flesh


   Skills:
 + Level 4.8 Fighting
 + Level 5.3 Short Blades
 + Level 4.6 Armour
 + Level 0.8 Dodging
 + Level 0.2 Stealth
 + Level 5.8 Shields
 + Level 0.3 Evocations


You had 6 spell levels left.
You didn't know any spells.

Dungeon Overview and Level Annotations

Branches:
Dungeon (4/15)
 Temple: D:4-7

Altars:
Elyvilon
Gozag
Hepliaklqana
Sif Muna
Uskayaw
Yredelemnul

Shops:
D:4 (


Innate Abilities, Weirdness & Mutations

You are resistant to torment.
Your stone body is resilient. (AC +4)
You are immune to poison.
You resist negative energy. (rN+)
You are resistant to electric shocks. (rElec)
You can survive without breathing.
You are immune to petrification.
You are immune to rotting.
Your mind is acute. (Int +2)
Armour fits poorly on your strangely shaped body.
Your spells are a little easier to cast, but a little less powerful.


Message History

Ouch! That really hurt!
* * * LOW HITPOINT WARNING * * *
Your chain mail prevents you from hitting the ogre.
The ogre is severely wounded.
The ogre completely misses you.
Your chain mail prevents you from hitting the ogre.
The ogre is severely wounded.
You hit the ogre.
The ogre is almost dead.
The ogre hits you with a giant spiked club.
* * * LOW HITPOINT WARNING * * *
Your chain mail prevents you from hitting the ogre.
The ogre is almost dead.
The ogre barely misses you.
You hit the ogre but do no damage.
The ogre is almost dead.
You barely miss the ogre.
The ogre is almost dead.
The ogre hits you with a giant spiked club!!
You die...

#############.#.#
#.......@O.......
#.#########.....#
#.# ....# #.#
..#.# #.# ### ..#
. #.# #.....# #.#
#.#.#.. #.# #.#
..######### #.#
#.###.#.......#


You could see an ogre.

Vanquished Creatures
  The ghost of GlassEater the Shield-Bearer, an amateur KoHu (D:3)
  A phantom (D:4)
  2 big kobolds (Sewer)
  A scorpion (D:4)
  2 centaur skeletons (D:4)
  An iguana (D:4)
  4 worker ants (D:4)
  6 adders
  A river rat (D:3)
  3 oozes (Sewer)
  7 worms
  A dart slug (D:1)
  5 leopard geckos
  6 orcs
  8 bats
  A bat zombie (D:1)
  2 giant cockroaches
  10 goblins
  8 hobgoblins
  10 jackals
  12 kobolds
  7 ball pythons
  4 frilled lizards
  A leopard gecko skeleton (D:4)
  A leopard gecko zombie (D:1)
  8 rats
113 creatures vanquished.

Notes
Turn   | Place    | Note
-------+----------+-------------------------------------------
     0 | D:1      | JeffiDaFish the Gargoyle Fighter began the quest for the Orb.
     0 | D:1      | Reached XP level 1. HP: 14/14 MP: 1/1
   140 | D:1      | Reached XP level 2. HP: 19/19 MP: 2/2
   301 | D:1      | Gained mutation: Your spells are a little easier to cast, but a little less powerful. [potion of mutation]
   301 | D:1      | Gained mutation: Armour fits poorly on your strangely shaped body. [potion of mutation]
   301 | D:1      | Gained mutation: Your mind is acute. (Int +2) [potion of mutation]
   475 | D:1      | Reached XP level 3. HP: 24/24 MP: 3/3
   968 | D:2      | Found a white marble altar of Elyvilon.
  1184 | D:2      | Found a deep blue altar of Sif Muna.
  1226 | D:2      | Reached XP level 4. HP: 29/29 MP: 4/4
  1396 | D:2      | Found a hide-covered altar of Uskayaw.
  1397 | D:2      | Noticed a hand axe
  1397 | D:2      | Noticed a dagger
  1490 | D:2      | Found a hazy altar of Hepliaklqana.
  1500 | D:2      | Found a basalt altar of Yredelemnul.
  1666 | D:3      | Noticed GlassEater's ghost (amateur KoHu)
  1685 | D:3      | Killed GlassEater's ghost
  1685 | D:3      | Reached XP level 5. HP: 25/33 MP: 5/5
  1685 | D:3      | Reached XP level 6. HP: 29/38 MP: 6/6
  2188 | D:3      | Found a glowing drain.
  2215 | Sewer    | Entered a sewer
  2499 | Sewer    | Reached skill level 5 in Shields
  2578 | Sewer    | Reached XP level 7. HP: 40/44 MP: 7/7
  3061 | D:4      | Reached skill level 5 in Short Blades
  3085 | D:4      | Found an opulent altar of Gozag.
  3329 | D:4      | Found Vuqugrei's Weapon Shop.
  3577 | D:4      | Mangled by an ogre

Vault maps used:
D:1:      saegor_arrival_fortress, serial_forest, infiniplex_forest_clump_large,
          infiniplex_forest_lined_3, infiniplex_forest_lined_3,
          infiniplex_forest_clump_medium, infiniplex_forest_straight_3,
          infiniplex_forest_clump_double, infiniplex_forest_clump_double,
          minmay_pentomino_u4
D:2:      dancing_weapons_uskayaw, lemuel_doored_altar,
          amethyst_overflow_temple_binary, first_bread, elyvilon_altar_5
D:3:      portal_sewer_entry_b
D:4:      zin_purify, serial_shops, shop, minmay_ruined_shrine
Sewer:    sewer_co_15_rooms

Skill      XL: |  1  2  3  4  5  6  7 |
---------------+----------------------+-----
Short Blades   | 2 3 4 5 |  5.3
Fighting       | 4 |  4.8
Armour         | 4 |  4.6
Shields        | 4 5 |  5.8
Dodging        | |  0.8
Stealth        | |  0.2
Evocations     | |  0.3

Action                   |  1- 3 |  4- 6 |  7- 9 || total
-------------------------+-------+-------+-------++-------
Melee: Rapier            |   127 |   213 |   164 ||   504
 Abil: Evoke Flight      |       |     1 |       ||     1
  Use: Scroll            |     6 |     4 |     1 ||    11
       Potion            |     4 |     3 |     3 ||    10
  Eat: Chunk             |     1 |     5 |     8 ||    14
       Bread ration      |       |       |     1 ||     1
Armor: Scale mail        |     3 |       |       ||     3
       Chain mail        |    59 |    96 |    73 ||   228
Dodge: Dodged            |    25 |    32 |    38 ||    95
Block: Shield            |    71 |    84 |    49 ||   204
       Buckler           |       |       |    22 ||    22
